 Dungeon Crawl Stone Soup version 0.31-a0-174-g85c54bcb58 (webtiles) character file.

Game seed: 1537036645084391026

4 ytrimaz the Grave Robber (level 1, -2/13 HPs)
             Began as a Mummy Necromancer on June 16, 2023.
             Slain by a hobgoblin (5 damage)
             ... on level 1 of the Dungeon.
             The game lasted 00:00:20 (62 turns).

ytrimaz the Grave Robber (Mummy Necromancer)          Turns: 62, Time: 00:00:21

Health: -2/13      AC:  2    Str: 11    XL:     1   Next: 50%
Magic:  0/4        EV: 12    Int: 14    God:
Gold:   2          SH:  0    Dex: 12    Spells: 4/5 levels left

rFire   x . .        (no weapon)
rCold   + . .        (no shield)
rNeg    + + +        a - +0 robe
rPois   ∞            (no helmet)
rElec   .            (no cloak)
rCorr   .            (no gloves)
SInv    .            (no boots)
Will    .....        (no amulet)
Stlth   ++           (no ring)
HPRegen 0.22/turn    (no ring)
MPRegen 0.09/turn

%: faith
@: no status effects
A: cold resistance 1, negative energy resistance 3, torment resistance 2, heat
vulnerability 1, no potions, faith
a: no special abilities


You were on level 1 of the Dungeon.
You visited 1 branch of the dungeon, and saw 1 of its levels.

You collected 2 gold pieces.


Innate Abilities, Weirdness & Mutations

You are immune to poison.
Your flesh is cold resistant. (rC+)
You are immune to negative energy. (rN+++)
You are immune to unholy pain and torment.
You are vulnerable to heat. (rF-)
You do not drink.
You have a special connection with the divine. (Faith)


   Skills:
 * Level 1.7 Dodging
 - Level 1.5 Stealth
 + Level 2.8 Spellcasting
 + Level 4.0 Necromancy


You had 4 spell levels left.
You knew the following spells:

 Your Spells              Type           Power      Damage    Failure   Level
a - Necrotise             Necr           52%        1d6       4%          1

Your spell library contained the following spells:

 Spells                   Type           Power      Damage    Failure   Level
 Vampiric Draining        Necr           13%        2d6       12%         3
 Animate Dead             Necr           13%        N/A       38%         4
 Agony                    Necr           13%        N/A       75%         5

Inventory:

Armour
 a - a +0 robe (worn)

Dungeon Overview and Level Annotations

Branches:
Dungeon (1/15) Zot: 5937

Altars:

.. ##. # #.. .#
K..#. # #.#. #
#.##..#.#
#.......#
##.######
#....)g@#
##########.#######
#.................
..........⌠...(...
.(....⌠.......⌠...
#.................
##..⌠...⌠...⌠...⌠.
##...............
##.⌠....⌠....⌠.#


You could see a hobgoblin.


Message History

Press: ? - help, Q - select action Shift-Dir - straight line, f - goblin
Aim: a goblin, wielding a +0 dagger (ally target, chance to affect: 83%)
The goblin writhes in agony.
The goblin hits you with a +0 dagger. 😮 HP[-1] MP[-1]
You take 1 damage, and now have 7/13 hp.
You lost 1 mp, and now have 1/4 mp.
Aiming: Necrotise (safe; 4% risk of failure)
Press: ? - help, Q - select action Shift-Dir - straight line, f/p - goblin
Aim: a goblin, wielding a +0 dagger (severely wounded, ally target, chance to affect: 83%)
The goblin writhes in agony.
You kill the goblin!
The dead are walking!
The bat hits your goblin skeleton. 😮 MP[-1]
You lost 1 mp, and now have 0/4 mp.
Unknown command.
You don't have enough magic to cast this spell.
You don't have enough magic to cast this spell.
You swap places.
The bat hits your goblin skeleton.
The bat barely misses your goblin skeleton.
Your goblin skeleton hits the bat.
The bat dies! 😮 HP[+1]
Your goblin skeleton hits the kobold but does no damage.
The kobold throws a stone.
The stone barely misses your goblin skeleton.
The stone hits your goblin skeleton.
Your goblin skeleton closely misses the kobold.
The kobold throws a stone.
The stone hits your goblin skeleton.
Your goblin skeleton closely misses the kobold.
The kobold hits your goblin skeleton with a +0 short sword.
Your goblin skeleton is destroyed!
Unknown command.
The kobold hits your goblin skeleton with a +0 short sword. 😮 HP[+1]
Your goblin skeleton barely misses the kobold.
The kobold hits your goblin skeleton with a +0 short sword.
Your goblin skeleton completely misses the kobold.
The kobold completely misses your goblin skeleton. 😮 MP[+1]
The kobold hits your goblin skeleton with a +0 short sword.
Your goblin skeleton is destroyed!
Unknown command. 😕 HP[+1]
Aiming: Necrotise (safe; 4% risk of failure)
Press: ? - help, Q - select action Shift-Dir - straight line, f - kobold
Aim: a kobold, wielding a +0 short sword and quivering stones (chance to affect: 83%)
The kobold writhes in agony.
You kill the kobold!
The dead are walking!
The hobgoblin hits your kobold skeleton. 😕 MP[-1]
You lost 1 mp, and now have 0/4 mp.
You don't have enough magic to cast this spell.
Unknown command.
The hobgoblin completely misses your kobold skeleton.
Your kobold skeleton hits the hobgoblin but does no damage.
The hobgoblin closely misses your kobold skeleton.
Your kobold skeleton hits the hobgoblin but does no damage.
The hobgoblin hits your kobold skeleton. 😕 HP[+1]
Your kobold skeleton barely misses the hobgoblin.
The hobgoblin hits your kobold skeleton.
Your kobold skeleton barely misses the hobgoblin.
The hobgoblin hits your kobold skeleton.
Your kobold skeleton is destroyed!
Unknown command.
You don't have enough magic to cast this spell.
Unknown command.
You hit the hobgoblin. The hobgoblin misses you. 😕 MP[+1]
You hit the hobgoblin but do no damage.
The hobgoblin barely misses you. 😕 HP[+1]
You hit the hobgoblin but do no damage. The hobgoblin hits you. 😮 HP[-4]
You take 4 damage, and now have 8/13 hp.
MASSIVE DAMAGE!! (PAUSE) Unknown command.
Aiming: Necrotise (safe; 4% risk of failure)
Press: ? - help, Q - select action Shift-Dir - straight line, f - hobgoblin
Aim: a hobgoblin (moderately wounded, chance to affect: 83%)
The hobgoblin barely resists.
The hobgoblin closely misses you. 😮 MP[-1]
You lost 1 mp, and now have 0/4 mp.
Unknown command.
You barely miss the hobgoblin. The hobgoblin hits you. 😮 HP[-1]
You take 1 damage, and now have 7/13 hp.
You barely miss the hobgoblin.
The hobgoblin hits you but does no damage.
You completely miss the hobgoblin. The hobgoblin hits you.
* * * LOW HITPOINT WARNING * * *
😱 HP[-4]
You take 4 damage, and now have 3/13 hp.
MASSIVE DAMAGE!! (PAUSE)
You hit the hobgoblin but do no damage. The hobgoblin barely misses you.
You closely miss the hobgoblin. The hobgoblin barely misses you.
You hit the hobgoblin but do no damage. The hobgoblin hits you.
You die...

Action                     || total
---------------------------++-------
  Melee: Unarmed           ||    17
   Cast: Necrotise         ||     6
 Armour: Robe              ||     9
  Dodge: Dodged            ||    21

Levels and vault maps discovered:
D:1:      dpeg_arrival_lava_temple_mockup, layout_loops_cross,
          minmay_misc_feat_ornament

Notes
Turn   | Place    | Note
-------+----------+-------------------------------------------
     0 | D:1      | ytrimaz the Mummy Necromancer began the quest for the Orb.
     0 | D:1      | Reached XP level 1. HP: 13/13 MP: 4/4
     0 | D:1      | magus.rc [v1.9.6]
    59 | D:1      | HP: 3/13 [hobgoblin (5)]
    62 | D:1      | Slain by a hobgoblin

Vanquished Creatures
  2 goblins (D:1)
  A kobold (D:1)
3 creatures vanquished.

Vanquished Creatures (collateral kills)
  A bat (D:1)
1 creature vanquished.

Grand Total: 4 creatures vanquished

Table legend:
 A = Non-vault XP
 B = Vault XP
 C = Vault XP percentage of total XP
 D = Non-vault monster count
 E = Vault monster count
 F = Vault count percentage of total count
                 A         B        C        D         E       F
            +---------+---------+-------+---------+---------+-------
      Total |       6 |       0 |   0.0 |       4 |       0 |   0.0
            +---------+---------+-------+---------+---------+-------
        D:1 |       6 |       0 |   0.0 |       4 |       0 |   0.0
            +---------+---------+-------+---------+---------+-------

Action                     || total
---------------------------++-------
  Melee: Unarmed           ||    17
   Cast: Necrotise         ||     6
 Armour: Robe              ||     9
  Dodge: Dodged            ||    21

Illustrated notes

Table legend:
 A = Kills in this place as a percentage of kills in the entire game.
 B = Kills by you in this place as a percentage of kills by you in the entire game.
 C = Kills by friends in this place as a percentage of kills by friends in the entire game.
 D = Other kills in this place as a percentage of other kills in the entire game.
 E = Experience gained in this place as a percentage of experience gained in the entire game.
 F = Experience gained in this place divided by the number of levels of this place that you have seen.
                   A       B       C       D       E      F
               +-------+-------+-------+-------+-------+----------------------
         Total | 100.0 | 100.0 | 100.0 |   N/A | 100.0 |   6.0
       Dungeon | 100.0 | 100.0 | 100.0 |   N/A | 100.0 |   6.0
               +-------+-------+-------+-------+-------+----------------------

Table legend: (Time is in decaauts)
 A = Elapsed time spent in this place.
 B = Non-inter-level travel time spent in this place.
 C = Inter-level travel time spent in this place.
 D = Time resting spent in this place.
 E = Time spent auto-exploring this place.
 F = Levels seen in this place.
 G = Mean time per level.
                   A        B        C        D        E       F      G
               +--------+--------+--------+--------+--------+-----+--------+
         Total |     62 |     62 |      0 |      0 |     16 |   1 |   62.0 |
       Dungeon |     62 |     62 |      0 |      0 |     16 |   1 |   62.0 |
               +--------+--------+--------+--------+--------+-----+--------+

Top non-repeatable levels by time:
     D:1: 62 daAuts
